 Dungeon Crawl Stone Soup version 0.28.0-1-gb440e238dd (webtiles) character file.

Game seed: 6579844822245333233

2 Snicker the Sneak (level 1, -5/18 HPs)
             Began as a Demonspawn Delver on Feb 19, 2022.
             Slain by an orc (8 damage)
             ... on level 6 of the Dungeon.
             The game lasted 00:02:34 (357 turns).

Snicker the Sneak (Demonspawn Delver)                Turns: 357, Time: 00:02:34

Health: -5/18      AC:  3    Str: 12    XL:     1   Next: 25%
Magic:  1/1        EV: 12    Int: 11    God:
Gold:   0          SH:  0    Dex: 14    Spells: 0/0 levels left

rFire   . . .      SeeInvis .   a - +0 short sword
rCold   . . .      Faith    .   (no shield)
rNeg    . . .      Spirit   .   b - +0 leather armour
rPois   .          Reflect  .   (no helmet)
rElec   .          Harm     .   (no cloak)
rCorr   .          Rampage  .   (no gloves)
Will    .....                   (no boots)
Stlth   ++........              (no amulet)
HPRegen 0.06/turn               (no ring)
MPRegen 0.07/turn               (no ring)

@: no status effects
A: no striking features
a: no special abilities


You were on level 6 of the Dungeon.
You visited 1 branch of the dungeon, and saw 3 of its levels.

Inventory:

Hand Weapons
 a - a +0 short sword (weapon)
Armour
 b - a +0 leather armour (worn)
Wands
 g - a wand of digging (2)
Scrolls
 c - a scroll of fog
 d - a scroll of magic mapping


   Skills:
 + Level 3.0 Fighting
 * Level 1.7 Short Blades
 + Level 2.0 Dodging
 * Level 4.5 Stealth


You couldn't memorise any spells.
You didn't know any spells.
Your spell library was empty.

Dungeon Overview and Level Annotations

Branches:
Dungeon (7/15)             Temple (0/1) D:5

Altars:


Message History

Your Dodging skill increases to level 2!
Things that are here:
a +0 short sword; a +0 ring mail
Found a stone staircase leading down.
Found a robe.
There is a stone staircase leading down here.
You climb downwards.
Found a whip, 10 gold pieces, a dagger and 27 stones.
There is a stone staircase leading up here.
You feel a little less clever now.
Found 23 stones.
An orc comes into view. It is wielding a +0 flail.
Found a book of Flames and 14 gold pieces.
The orc shouts!
You barely miss the orc. The orc hits you with a +0 flail.
The orc completely misses you.
You hit the orc but do no damage. The orc barely misses you.
You hit the orc but do no damage. The orc closely misses you.
You hit the orc.
The orc is lightly wounded.
The orc hits you but does no damage.
You hit the orc but do no damage.
The orc is lightly wounded.
The orc hits you with a +0 flail.
* * * LOW HITPOINT WARNING * * *
You aren't carrying any potions.
Unknown command.
Unknown command.
Found a stone staircase leading down.
There is a stone staircase leading down here.
Unknown command.
As you read the scroll labelled HUSHAY BYCUK, it crumbles to dust.
You speak a Word of immense power!
It was a scroll of holy word.
The orc hits you but does no damage.
Unknown command.
Aiming: Dig
Press: ? - help, Shift-Dir - straight line A rock wall.
The rock shatters into small pieces.
The orc hits you with a +0 flail!
You die...

#.# #...#
##.#
#####
#..# #..+
#..# ##.#
#.#
#######o#
#......@#
#######.+
###


You could see an orc.

Vanquished Creatures
  An orc (D:5)
1 creature vanquished.

Notes
Turn   | Place    | Note
-------+----------+-------------------------------------------
     0 | D:5      | Snicker the Demonspawn Delver began the quest for the Orb.
     0 | D:5      | Reached XP level 1. HP: 18/18 MP: 1/1
    31 | D:7      | Noticed a black bear
    75 | D:5      | Found a staircase to the Ecumenical Temple.
    75 | D:5      | Noticed a sky beast
   206 | D:5      | Noticed a black bear
   242 | D:5      | Noticed an ogre
   254 | D:5      | Noticed a water moccasin
   255 | D:5      | Noticed an iguana
   294 | D:6      | Noticed an ogre
   294 | D:6      | Noticed an ogre
   357 | D:6      | Slain by an orc

Illustrated notes

Levels and vault maps discovered:
D:5:      layout_basic, chequers_temple_overflow_minitemple,
          minmay_temple_entry_ruins, serial_shops, nicolae_square_shop
D:6:      layout_rooms, makhleb_blood_cavern_becter, serial_glass,
          glass_columns_b, glass_columns_c, nrook_uturn
D:7:      cheibrodos_shockbox, layout_basic, nzn_ghost_randoct, sigmund_army

Skill      XL: |  1 |
---------------+----+-----
Dodging        | 2 |  2.0
Fighting       | |  3.0
Short Blades   | |  1.7
Stealth        | |  4.5

Action                   || total
-------------------------++-------
Melee: Short sword       ||     7
Evoke: Wand              ||     1
  Use: Scroll            ||     2
       Potion            ||     2
 Stab: Sleeping          ||     1
Armor: Leather armour    ||     4
Dodge: Dodged            ||     4
